 Dungeon Sprint DCSS version 0.30-a0-672-gc3a7216ad8 (webtiles) character file.

Game seed: 934257143358460986

380 rocky1 the Tainter (level 6, 0/53 HPs)
             Began as a Gnoll Wanderer on Jan 19, 2023.
             Slain by a neqoxec (2 damage)
             ... in the Dungeon (Sprint II: "The Violet Keep of Menkaure").
             The game lasted 00:00:26 (33 turns).

rocky1 the Tainter (Gnoll Wanderer)                   Turns: 33, Time: 00:00:27

Health: 0/53       AC:  2    Str: 10      XL:     6   Next: 75%
Magic:  7/14       EV: 14    Int:  9 (12) God:
Gold:   0          SH:  0    Dex: 14      Spells: 15/16 levels left

rFire   . . .      SeeInvis .    a - +1 short sword
rCold   . . .      Faith    .    (no shield)
rNeg    . . .      Spirit   .    c - +0 robe
rPois   .          Reflect  .    (no helmet)
rElec   .          Harm     .    (no cloak)
rCorr   .          Rampage  .    (no gloves)
Will    .....      NoTele   +    (no boots)
Stlth   +++                      (no amulet)
HPRegen 0.28/turn                (no ring)
MPRegen 0.14/turn                (no ring)

@: on berserk cooldown, slowed, very slow
A: fangs 1, strong nose, distributed training, deterioration 1
a: no special abilities


You were in the Dungeon.
You visited 1 branch

Inventory:

Hand Weapons
 a - a +1 short sword (weapon)
Armour
 c - a +0 robe (worn)
Scrolls
 b - a scroll of fog
 i - a scroll of blinking
Potions
 d - a potion of curing
 e - a potion of heal wounds
 f - a potion of haste
 g - 2 potions of magic


   Skills:
 + Level 6.9 Fighting
 + Level 5.7 Short Blades
 + Level 5.0 Long Blades
 + Level 5.0 Axes
 + Level 5.0 Maces & Flails
 + Level 5.0 Polearms
 + Level 5.0 Staves
 + Level 5.0 Ranged Weapons
 + Level 5.7 Throwing
 + Level 5.0 Armour
 + Level 5.0 Dodging
 + Level 5.0 Stealth
 + Level 5.0 Shields
 + Level 5.0 Unarmed Combat
 + Level 5.8 Spellcasting
 + Level 4.2 Conjurations
 + Level 4.2 Hexes
 + Level 4.2 Summonings
 + Level 4.2 Necromancy
 + Level 4.2 Translocations
 + Level 4.2 Transmutations
 + Level 4.2 Fire Magic
 + Level 4.2 Ice Magic
 + Level 4.2 Air Magic
 + Level 4.2 Earth Magic
 + Level 9.8 Poison Magic
 + Level 5.5 Invocations
 + Level 5.0 Evocations


You had 15 spell levels left.
You knew the following spells:

 Your Spells              Type           Power      Damage    Failure   Level
a - Sting                 Tmut/Pois      60%        1d6       1%          1

Your spell library contained the following spells:

 Spells                   Type           Power      Damage    Failure   Level
 Poisonous Vapours        Pois/Air       30%        N/A       1%          2
 Olgreb's Toxic Radiance  Pois           20%        N/A       4%          4


Dungeon Overview and Level Annotations

Branches:
Dungeon (1/1)

Altars:


Innate Abilities, Weirdness & Mutations

You have very sharp teeth.
Your uncanny sense of smell can sniff out nearby items.
Your experience applies equally to all skills.
Your body sometimes deteriorates upon taking damage.


Message History

Your Translocations skill increases to level 4!
Your Transmutations skill increases to level 4!
Your Fire Magic skill increases to level 4!
Your Ice Magic skill increases to level 4!
Your Air Magic skill increases to level 4!
Your Earth Magic skill increases to level 4!
Your Invocations skill increases to level 5!
Your Evocations skill increases to level 5!
The neqoxec hits you.
There is an open door here.
You completely miss the neqoxec. You bite the neqoxec.
The neqoxec is lightly wounded.
You puncture the neqoxec! You punch the neqoxec.
The neqoxec is heavily wounded.
The neqoxec hits you!
* * * LOW HITPOINT WARNING * * *
You hit the neqoxec. You bite the neqoxec.
The neqoxec is severely wounded.
You closely miss the neqoxec.
The neqoxec is severely wounded.
You are no longer berserk.
You are exhausted.
You feel yourself slow down. The neqoxec hits you!
* * * LOW HITPOINT WARNING * * *
You hit the neqoxec but do no damage.
The neqoxec is severely wounded.
The neqoxec gestures at you.
You feel dopey. Something feeds on your intellect!
You barely miss the neqoxec.
The neqoxec is severely wounded.
The neqoxec barely misses you.
You closely miss the neqoxec.
You punch the neqoxec, but do no damage.
The neqoxec is severely wounded.
The neqoxec misses you.
You hit the neqoxec but do no damage. You punch the neqoxec.
The neqoxec is almost dead.
The neqoxec hits you.
You die...

∆ ∆ ∆ ∆
∆ ## #+#
#.#
##.##.#
+.<.@3#
∆
##.##..#
#+# #.#
∆ ## ∆


You could see a neqoxec.

Vanquished Creatures
  3 neqoxecs (D)
3 creatures vanquished.

Notes
Turn   | Place    | Note
-------+----------+-------------------------------------------
     0 | D        | rocky1 the Gnoll Wanderer began the quest for the Orb.
     0 | D        | rocky1 set off with the following items: a +1 short sword,
                  | a scroll of fog, a +0 robe, a potion of curing, a potion of
                  | heal wounds, a potion of haste, 2 potions of magic, a
                  | potion of berserk rage, a scroll of blinking; and the
                  | following spell memorised: Sting; and the following spells
                  | available to memorise: Poisonous Vapours, Olgreb's Toxic
                  | Radiance.
     0 | D        | Reached XP level 1. HP: 20/20 MP: 4/4
     1 | D        | Noticed a neqoxec
     1 | D        | Noticed a neqoxec
     1 | D        | Noticed a neqoxec
     1 | D        | Noticed a neqoxec
    11 | D        | Killed a neqoxec
    12 | D        | Reached skill level 5 in Fighting
    12 | D        | Reached skill level 9 in Poison Magic
    12 | D        | Reached XP level 2. HP: 28/28 MP: 5/7
    12 | D        | Reached XP level 3. HP: 34/34 MP: 5/8
    12 | D        | Reached XP level 4. HP: 40/40 MP: 6/10
    12 | D        | Reached XP level 5. HP: 46/46 MP: 6/11
    15 | D        | Killed a neqoxec
    16 | D        | Reached skill level 5 in Short Blades
    16 | D        | Reached skill level 5 in Throwing
    16 | D        | Reached skill level 5 in Spellcasting
    16 | D        | Reached XP level 6. HP: 53/53 MP: 6/13
    23 | D        | Gained mutation: Your body sometimes deteriorates upon
                  | taking damage. [a neqoxec]
    24 | D        | Killed a neqoxec
    25 | D        | Reached skill level 5 in Long Blades
    25 | D        | Reached skill level 5 in Axes
    25 | D        | Reached skill level 5 in Maces & Flails
    25 | D        | Reached skill level 5 in Polearms
    25 | D        | Reached skill level 5 in Staves
    25 | D        | Reached skill level 5 in Ranged Weapons
    25 | D        | Reached skill level 5 in Armour
    25 | D        | Reached skill level 5 in Dodging
    25 | D        | Reached skill level 5 in Stealth
    25 | D        | Reached skill level 5 in Shields
    25 | D        | Reached skill level 5 in Unarmed Combat
    25 | D        | Reached skill level 5 in Invocations
    25 | D        | Reached skill level 5 in Evocations
    29 | D        | HP: 1/53 [neqoxec (8)]
    33 | D        | Slain by a neqoxec

Illustrated notes

Levels and vault maps discovered:
D:        the_violet_keep_of_menkaure [sprint2_stairs_cluster_1,
          sprint2_shoproom, sprint2_temple, sprint2_basic_supplies,
          sprint2_obstacle_4, sprint2_obstacle_1, sprint2_obstacle_6,
          sprint2_obstacle_7, sprint2_obstacle_2, sprint2_timed_cluster_1,
          sprint2_smallroom_cluster_1, sprint2_smallroom_final_cluster_1,
          sprint2_transparent_cluster_1, sprint2_second_timed_cluster_1,
          sprint2_sniper_area_1, sprint2_heavy_combat_area_1,
          sprint2_mutation_trap_area_1, sprint2_forest_area_1,
          sprint2_light_combat_area_1, sprint2_behind_water_1,
          sprint2_near_end_vault_1]

Skill      XL: |  1  2  3  4  5  6 |
---------------+-------------------+-----
Fighting       | 5 6 |  6.9
Short Blades   | 4 5 |  5.7
Long Blades    | 3 4 5 |  5.0
Axes           | 3 4 5 |  5.0
Maces & Flails | 3 4 5 |  5.0
Polearms       | 3 4 5 |  5.0
Staves         | 3 4 5 |  5.0
Ranged Weapons | 3 4 5 |  5.0
Throwing       | 4 5 |  5.7
Armour         | 3 4 5 |  5.0
Dodging        | 3 4 5 |  5.0
Stealth        | 3 4 5 |  5.0
Shields        | 3 4 5 |  5.0
Unarmed Combat | 3 4 5 |  5.0
Spellcasting   | 4 5 |  5.8
Conjurations   | 2 3 4 |  4.2
Hexes          | 2 3 4 |  4.2
Summonings     | 2 3 4 |  4.2
Necromancy     | 2 3 4 |  4.2
Translocations | 2 3 4 |  4.2
Transmutations | 2 3 4 |  4.2
Fire Magic     | 2 3 4 |  4.2
Ice Magic      | 2 3 4 |  4.2
Air Magic      | 2 3 4 |  4.2
Earth Magic    | 2 3 4 |  4.2
Poison Magic   | 9 |  9.8
Invocations    | 3 4 5 |  5.5
Evocations     | 3 4 5 |  5.0

Action                   |  1- 3 |  4- 6 || total
-------------------------+-------+-------++-------
Melee: Short sword       |     9 |    21 ||    30
       Bite              |     1 |     2 ||     3
       Punch             |       |     3 ||     3
  Use: Potion            |     1 |       ||     1
Dodge: Dodged            |     1 |     3 ||     4

Table legend: (Time is in decaauts)
 A = Elapsed time spent in this place.
 B = Non-inter-level travel time spent in this place.
 C = Inter-level travel time spent in this place.
 D = Time resting spent in this place.
 E = Time spent auto-exploring this place.
 F = Levels seen in this place.
 G = Mean time per level.
                   A        B        C        D        E       F      G
               +--------+--------+--------+--------+--------+-----+--------+
         Total |     20 |     20 |      0 |      0 |      0 |   1 |   20.0 |
       Dungeon |     20 |     20 |      0 |      0 |      0 |   1 |   20.0 |
               +--------+--------+--------+--------+--------+-----+--------+

Top non-repeatable levels by time:
       D: 20 daAuts
